 Dungeon Crawl Stone Soup version 0.29-a0-422-gafbd6decc1 (webtiles) character file.

Game seed: 8166707586727497513

158445 quokkamancerX the Spry (level 17, -2/139 HPs)
             Began as a Merfolk Ice Elementalist on May 18, 2022.
             Was a High Priest of Vehumet.
             Killed from afar by a shock serpent (20 damage)
             ... with a bolt of electricity
             ... on level 3 of the Snake Pit on May 19, 2022.
             The game lasted 05:10:38 (34999 turns).

quokkamancerX the Spry (Merfolk Ice Elementalist)  Turns: 34999, Time: 05:10:39

Health: -2/139     AC: 20    Str: 15    XL:     17   Next: 72%
Magic:  28/31      EV: 18    Int: 24    God:    Vehumet [*****.]
Gold:   1285       SH: 14    Dex: 15    Spells: 16/36 levels left

rFire   + + .      SeeInvis .   a - +9 mace of Bile {vorpal, rF+}
rCold   . . .      Faith    .   d - +2 kite shield {reflect}
rNeg    . . .      Spirit   .   Q - +0 acid dragon scales
rPois   .          Reflect  +   Z - +0 helmet
rElec   .          Harm     .   C - +2 cloak
rCorr   +          Rampage  .   q - +2 pair of gloves {Str+3}
Will    +....                   W - +2 pair of boots
Stlth   +++.......              A - amulet of regeneration
HPRegen 1.13/turn               R - ring of Meohiz {Wiz rF+}
MPRegen 0.22/turn               j - +6 ring of intelligence

@: freezing walls
A: (nimble swimmer 2), mertail
a: Renounce Religion


You were on level 3 of the Snake Pit.
You worshipped Vehumet.
Vehumet was extremely pleased with you.
You visited 5 branches of the dungeon, and saw 26 of its levels.
You visited 1 bazaar.
You also visited: Sewer and Bailey.

You collected 2481 gold pieces.
You spent 1196 gold pieces at shops.

Inventory:

Hand Weapons
 a - the +9 mace of Bile (weapon) {vorpal, rF+}
   (You took it off Robin on level 3 of the Dungeon)

   It inflicts extra damage upon your enemies.
   rF:        It protects you from fire.
 b - a +2 falchion of holy wrath
Missiles
 B - 3 curare-tipped darts
 D - 3 silver boomerangs
 F - 24 poisoned darts (quivered)
Armour
 d - a +2 kite shield of reflection (worn)
 q - a +2 pair of gloves of strength (worn)
 C - a +2 cloak (worn)
 Q - +0 acid dragon scales (worn)
 W - a +2 pair of boots (worn)
 Z - a +0 helmet (worn)
Jewellery
 j - a +6 ring of intelligence (right hand)
 x - a ring of protection from cold
 A - an amulet of regeneration (around neck)
 R - the ring of Meohiz (left hand) {Wiz rF+}
   (You bought it in a shop on level 6 of the Dungeon)

   [ring of wizardry]

   It improves your spell success rate.
   rF:        It protects you from fire.
Wands
 k - a wand of polymorph (8)
 o - a wand of charming (3)
 z - a wand of flame (6)
 I - a wand of acid (13)
 L - a wand of mindburst (8)
 U - a wand of paralysis (9)
 Y - a wand of digging (3)
Scrolls
 e - 8 scrolls of fear
 m - a scroll of brand weapon
 n - 12 scrolls of teleportation
 t - 4 scrolls of vulnerability
 u - 2 scrolls of silence
 w - 3 scrolls of enchant weapon
 y - 5 scrolls of blinking
 H - 4 scrolls of immolation
 J - a scroll of magic mapping
 K - 7 scrolls of fog
 O - 5 scrolls of amnesia
 P - a scroll of summoning
Potions
 c - 5 potions of heal wounds
 f - 5 potions of might
 g - 3 potions of mutation
 h - a potion of cancellation
 p - 5 potions of magic
 r - 7 potions of attraction
 s - 6 potions of resistance
 v - 4 potions of curing
 M - 2 potions of brilliance
 N - 3 potions of haste
 S - 6 potions of ambrosia
 T - a potion of invisibility
 X - 2 potions of flight


   Skills:
 - Level 14.0 Fighting
 - Level 10.0 Armour
 - Level 16.0 Dodging
 - Level 8.0 Stealth
 - Level 10.5 Shields
 - Level 10.0 Spellcasting
 + Level 10.0 Transmutations
 - Level 15.0 Ice Magic
 - Level 10.0 Poison Magic


You had 16 spell levels left.
You knew the following spells:

 Your Spells              Type           Power      Damage    Failure   Level
a - Freeze                Ice            100%       1d11      1%          1
b - Frozen Ramparts       Ice            100%       1d12      1%          3
c - Ozocubu's Armour      Ice            71%        N/A       1%          3
d - Eringya's Noxious Bo  Tmut/Pois      28%        N/A       4%          6
e - Ozocubu's Refrigerat  Ice            35%        4d12      3%          7

Your spell library contained the following spells:

 Spells                   Type           Power      Damage    Failure   Level
 Ignition                 Fire           6%         3d4       100%        8
 Hailstorm                Conj/Ice       48%        3d11      1%          4
 Stone Arrow              Conj/Erth      24%        3d8       5%          3
 Slow                     Hex            48%        N/A       6%          1
 Confusing Touch          Hex            12%        N/A       17%         3
 Vampiric Draining        Necr           12%        2d6       17%         3
 Iskenderun's Battlesphe  Conj           12%        2d7       36%         5
 Lee's Rapid Deconstruct  Erth           6%         3d7*      36%         5
 Animate Armour           Summ/Erth      24%        N/A       50%         4
 Leda's Liquefaction      Hex/Erth       6%         N/A       50%         4
 Statue Form              Tmut/Erth      24%        N/A       71%         6
 Iron Shot                Conj/Erth      6%         9d2       86%         6
 Spellforged Servitor     Conj/Summ      6%         N/A       100%        7
 Lehudib's Crystal Spear  Conj/Erth      6%         10d3      100%        8


Dungeon Overview and Level Annotations

Branches:
Dungeon (15/15)            Temple (1/1) D:4            Lair (5/6) D:9
 Shoals (0/4) Lair:4        Snake (3/4) Lair:3          Orc (2/2) D:11
    Elf (0/3) Orc:2        Vaults (0/5) D:13         Depths (0/4) D:15
  Sewer (visited)          Bailey (visited)
  Slime: Lair:5-6

Altars:
Ashenzari
Cheibriados
Dithmenos
Elyvilon
Fedhas
Gozag
Hepliaklqana
Kikubaaqudgha
Makhleb
Nemelex Xobeh
Okawaru
Qazlal
Ru
Sif Muna
Trog
Uskayaw
Vehumet
Wu Jian
Xom
Yredelemnul
Zin
The Shining One
Beogh

Shops:
D:6 ?=[   Orc:1 [   Orc:2 [![!   Snake:1 =:=   Snake:2 !

Annotations:
D:3 Natasha
D:13 3 runed translucent doors


Innate Abilities, Weirdness & Mutations

((You are very nimble when in or above water. (Stealth+, EV+, Speed+++)))
Your lower body shifts to a powerful aquatic tail in water.


Message History

The bolt of electricity hits you!
The shock serpent shoots out a bolt of lightning at you!
The bolt of electricity hits you!
Found a potion of curing.
The shock serpent bites you! The shock serpent shocks you!
You sock the shock serpent!
The shock serpent is lightly wounded.
The shock serpent's electric aura discharges, shocking you!
You block the shock serpent's attack. The shock serpent bites you.
The shock serpent shocks you!
You miss the shock serpent.
The shock serpent is lightly wounded.
You block the shock serpent's attack.
The shock serpent shoots out a bolt of lightning at you!
The bolt of electricity misses you. The bolt of electricity hits you!
Casting: Frozen Ramparts (safe; 1% risk of failure)
Confirm with . or Enter, or press ? or * to list all spells.
Casting: Frozen Ramparts (safe; 1% risk of failure)
Press: ? - help, Dir - look around, f - activate The walls around you are covered in ice.
The wall freezes the shock serpent!
The shock serpent seems to slow down.
You block the shock serpent's attack.
The shock serpent's electric aura discharges, shocking you!
* * * LOW HITPOINT WARNING * * *
The wall freezes the shock serpent.
The shock serpent seems to slow down.
The shock serpent closely misses you.
You feel much better.
The wall freezes the shock serpent.
The shock serpent seems to slow down.
The shock serpent bites you! The shock serpent shocks you!
* * * LOW HITPOINT WARNING * * *
The shock serpent's electric aura discharges, shocking you!
* * * LOW HITPOINT WARNING * * *
You hit the shock serpent.
The shock serpent is heavily wounded.
The wall freezes the shock serpent!
The shock serpent seems to slow down.
The shock serpent shoots out a bolt of lightning at you!
The bolt of electricity hits you!!
* * * LOW HITPOINT WARNING * * *
The bolt of electricity hits you!!
You die...

#####################**
##..(.................,*****
#.......######@S.....#*,,,,**
##...†.###########.....,,,^,,**
#..###...........,,#..!,,,*,,,**
#.## #.........###**,..,,,**,,,,
#### #.##.........,**,,,,,***,,,
#..#######.........,,,,,,,,,,**,,
......###.........,*,,,,,,,,,,*,,
......##.....#.##.,,*,,,,,*,,,**,
.##..##.......##*,,,,*,,,,**,,**,


You could see a shock serpent (slow).

Vanquished Creatures
  Jorgrun (D:15)
  Rupert (D:15)
  Agnes (D:14)
  A nagaraja (Snake:3)
  2 orc warlords
  An ironbound preserver (D:13)
  A stone giant (D:15)
  Azrael (D:15)
  Josephine (Orc:1)
  A salamander tyrant (Snake:2)
  7 boulder beetles
  An ogre mage (D:14)
  8 hydras
  8 naga warriors
  2 alligator snapping turtles (Snake:2)
  A death knight (D:11)
  7 centaur warriors
  Erica (D:8)
  10 anacondas
  2 alligators (Snake:2)
  8 two-headed ogres
  The ghost of Caeppaus the Basher, a journeyman GrFi of Makhleb (Lair:3)
  2 tengu warriors (D:15)
  Urug (Orc:1)
  14 naga sharpshooters
  7 shock serpents
  Amaemon (D:10)
  5 sea snakes (Snake:2)
  4 salamander mystics
  A goliath frog (Snake:2)
  Lodul (D:11)
  5 skeletal warriors (D:15)
  5 naga ritualists
  A necromancer (D:10)
  3 orc knights (Orc:2)
  12 mana vipers
  2 orc sorcerers (Orc:2)
  7 salamanders
  3 ugly things
  9 manticores
  5 cyclopes
  Maurice (D:8)
  2 centaur zombies (D:11)
  25 black mambas
  2 guardian serpents (Snake:2)
  11 naga magi
  3 gargoyles
  An orange demon (D:10)
  9 cane toads
  3 unseen horrors (D:11)
  A torpor snail (Lair:4)
  5 rime drakes
  7 komodo dragons
  3 tengu conjurers
  A queen bee (Lair:2)
  2 polar bears (Lair:4)
  3 meliai (D:15)
  3 trolls
  11 slime creatures
  Prince Ribbit (D:5)
  A meliai (shapeshifter) (D:14)
  16 blink frogs
  3 snapping turtles (Snake:2)
  Sigmund (D:3)
  6 shadows
  A spriggan (shapeshifter) (D:13)
  4 water elementals (D:14)
  12 wraiths
  A vampire (D:14)
  A yak (shapeshifter) (D:15)
  81 yaks
  7 wyverns
  A hog (shapeshifter) (D:13)
  4 fire elementals (D:15)
  7 basilisks (Lair:5)
  5 steam dragons
  6 vampire mosquitoes
  2 wargs
  32 nagas
  7 acid dragons
  6 hell hounds
  21 water moccasins
  2 sky beasts
  32 orc warriors
  A black bear (D:6)
  2 ogres (shapeshifter)
  18 ogres
  34 wolves
  12 centaurs
  2 phantoms
  2 kobold brigands
  18 bullfrogs
  2 gnoll sergeants
  2 scorpions
  12 wights
  28 killer bees
  A howler monkey (D:9)
  8 electric eels
  4 hounds
  5 orc priests
  Crazy Yiuf (D:3)
  Jessica (D:2)
  5 iguanas
  12 orc wizards
  9 hell rats (Lair:5)
  Terence (D:3)
  3 yak simulacra (D:10)
  4 polar bear simulacra (D:10)
  2 wolf simulacra (D:10)
  Robin (D:3)
  4 gnolls (D:9)
  5 adders
  3 shadow imps
  3 white imps
  2 worms
  5 dart slugs
  51 orcs
  17 ball pythons
  13 endoplasms
  11 giant cockroaches
  16 goblins
  8 hobgoblins
  6 jackals (D:4)
  18 kobolds
  13 quokkas
  4 bats
  9 frilled lizards
  10 rats
  2 river rat simulacra (D:10)
898 creatures vanquished.

Vanquished Creatures (collateral kills)
  Erolcha (D:9)
  A vampire mosquito (D:11)
  An acid dragon (D:11)
3 creatures vanquished.

Vanquished Creatures (others)
  A slime creature (D:15)
  13 fungi
  35 plants
  4 withered plants (D:11)
53 creatures vanquished.

Grand Total: 954 creatures vanquished

Notes
Turn   | Place    | Note
-------+----------+-------------------------------------------
     0 | D:1      | quokkamancerX the Merfolk Ice Elementalist began the quest
                  | for the Orb.
     0 | D:1      | Reached XP level 1. HP: 13/13 MP: 3/3
   180 | D:1      | Reached XP level 2. HP: 10/19 MP: 2/5
   385 | D:1      | Found a faded altar of an unknown god.
   950 | D:1      | Reached XP level 3. HP: 24/24 MP: 5/7
  1523 | D:2      | Noticed Jessica
  1527 | D:2      | Killed Jessica
  1753 | D:2      | Reached XP level 4. HP: 28/30 MP: 9/9
  1924 | D:2      | Learned a level 3 spell: Frozen Ramparts
  1928 | D:2      | Learned a level 3 spell: Ozocubu's Armour
  2141 | D:2      | Identified the ring of Fith {rN+ Int+3}
  2233 | D:3      | Noticed Sigmund
  2247 | D:3      | Killed Sigmund
  2248 | D:3      | Reached XP level 5. HP: 19/35 MP: 3/11
  2248 | D:3      | Reached XP level 6. HP: 23/41 MP: 3/12
  2528 | D:3      | Noticed Terence
  2536 | D:3      | Killed Terence
  2650 | D:3      | Noticed Natasha
  2720 | D:3      | Reached skill level 5 in Stealth
  2978 | D:3      | Found a blossoming altar of Fedhas.
  2978 | D:3      | Found a sacrificial altar of Ru.
  2979 | D:3      | Found an iron altar of Okawaru.
  3039 | D:3      | Reached skill level 3 in Dodging
  3119 | D:3      | Identified the +9 mace of Bile {vorpal, rF+}
  3119 | D:3      | Noticed Robin
  3293 | D:3      | Found a runed translucent door.
  3294 | D:3      | Noticed Crazy Yiuf
  3302 | D:3      | Killed Crazy Yiuf
  3386 | D:3      | Identified the +5 mace of Qigotouck {freeze, rCorr Str+4
                  | Dex-3 Stlth+}
  3422 | D:3      | Killed Robin
  3520 | D:3      | Reached skill level 4 in Dodging
  3524 | D:3      | Reached XP level 7. HP: 38/46 MP: 13/13
  4206 | D:4      | Found a staircase to the Ecumenical Temple.
  4216 | Temple   | Entered the Ecumenical Temple
  4314 | Temple   | Became a worshipper of Vehumet
  4393 | D:4      | Reached skill level 5 in Dodging
  4649 | D:4      | Found an opulent altar of Gozag.
  5128 | D:5      | Entered Level 5 of the Dungeon
  5356 | D:5      | Reached skill level 6 in Dodging
  5651 | D:5      | Noticed Prince Ribbit
  5712 | D:5      | Killed Prince Ribbit
  5713 | D:5      | Reached skill level 5 in Spellcasting
  5713 | D:5      | Reached XP level 8. HP: 43/52 MP: 5/16
  5832 | D:5      | Found a bloodstained altar of Trog.
  5891 | D:5      | Reached skill level 1 in Fighting
  6065 | D:5      | Reached * piety under Vehumet
  6065 | D:5      | Offered knowledge of Foxfire by Vehumet.
  6497 | D:6      | Found a broken altar of Ashenzari.
  6504 | D:6      | Reached skill level 5 in Fighting
  6555 | D:6      | Found Fezuac's Jewellery Shoppe.
  6648 | D:6      | Found a glowing drain.
  6649 | D:6      | Identified the ring of Xom's Ringing Laughter {rN+ rCorr
                  | Str+3 Dex+4}
  6682 | Sewer    | Entered a sewer
  7022 | Sewer    | Reached ** piety under Vehumet
  7022 | Sewer    | Offered knowledge of Sandblast by Vehumet.
  7146 | Sewer    | Reached XP level 9. HP: 71/71 MP: 15/18
  7414 | D:6      | Found Bekhec's Magic Scroll Boutique.
  7830 | D:6      | Found Hemacrir's Armour Shoppe.
  8019 | D:7      | Found a flagged portal.
  8039 | D:7      | Identified the +7 hand axe of Bodily Humours {pain, rF+
                  | Will+}
  8043 | Bailey   | Entered a bailey
  8048 | Bailey   | Noticed an orc warlord
  8223 | Bailey   | Offered knowledge of Ignite Poison by Vehumet.
  8500 | Bailey   | Found a runed translucent gate.
  8501 | Bailey   | Found a runed translucent gate.
  8502 | Bailey   | Found a runed translucent gate.
  8552 | Bailey   | Reached *** piety under Vehumet
  8652 | Bailey   | Killed an orc warlord
  8653 | Bailey   | Reached skill level 10 in Fighting
  8653 | Bailey   | Reached skill level 8 in Dodging
  8653 | Bailey   | Reached XP level 10. HP: 39/85 MP: 3/19
  8797 | D:7      | Reached skill level 10 in Shields
  8797 | D:7      | Reached XP level 11. HP: 90/90 MP: 20/20
  8883 | D:6      | Bought a +1 kite shield of protection for 214 gold pieces
  9201 | D:7      | Reached skill level 9 in Dodging
 10122 | D:6      | Bought a scroll of teleportation for 45 gold pieces
 10122 | D:6      | Bought a scroll of fog for 30 gold pieces
 10122 | D:6      | Bought a scroll of teleportation for 45 gold pieces
 10277 | D:8      | Offered knowledge of Flame Wave by Vehumet.
 10414 | D:8      | Noticed Maurice
 10434 | D:8      | Killed Maurice
 10435 | D:8      | Reached skill level 10 in Dodging
 10504 | D:8      | Noticed Erica
 10525 | D:8      | Killed Erica
 10602 | D:8      | Found a white marble altar of Elyvilon.
 10964 | D:8      | Identified the +5 rapier "Uleda" {vorpal, Int+3 Dex+3}
 11347 | D:9      | Found a staircase to the Lair.
 11665 | D:9      | Reached **** piety under Vehumet
 11765 | D:9      | Offered knowledge of Sticky Flame by Vehumet.
 11858 | D:9      | Noticed Erolcha
 11875 | D:9      | Killed Erolcha
 12653 | D:10     | Entered Level 10 of the Dungeon
 12709 | D:10     | Noticed a four-headed hydra
 12802 | D:10     | Killed a four-headed hydra
 13041 | D:10     | Reached XP level 12. HP: 97/97 MP: 21/21
 13076 | D:10     | Noticed Amaemon
 13112 | D:10     | Reached skill level 10 in Ice Magic
 14056 | D:7      | Reached ***** piety under Vehumet
 14199 | D:10     | Killed Amaemon
 14334 | D:11     | Offered knowledge of Iskenderun's Battlesphere by Vehumet.
 14670 | D:11     | Noticed a boulder beetle
 14713 | D:11     | Killed a boulder beetle
 14788 | D:11     | Noticed a boulder beetle
 14804 | D:11     | Killed a boulder beetle
 14847 | D:11     | Noticed a boulder beetle
 14960 | D:11     | Killed a boulder beetle
 14987 | D:11     | Noticed a five-headed hydra
 14987 | D:11     | Noticed a two-headed ogre
 14987 | D:11     | Noticed a boulder beetle
 14987 | D:11     | Noticed a death knight
 15095 | D:11     | Killed a two-headed ogre
 15250 | D:11     | Killed a death knight
 15380 | D:11     | Reached XP level 13. HP: 113/113 MP: 18/22
 15552 | D:11     | Reached skill level 11 in Dodging
 15833 | D:11     | Reached skill level 12 in Dodging
 16088 | D:11     | Found a staircase to the Orcish Mines.
 16289 | D:11     | Noticed Lodul
 16308 | D:11     | Killed Lodul
 16309 | D:11     | Reached skill level 13 in Dodging
 16573 | D:6      | Bought the ring of Meohiz {Wiz rF+} for 440 gold pieces
 16644 | Lair:1   | Entered Level 1 of the Lair of Beasts
 17213 | Lair:1   | You fall into a shaft and drop 1 floor!
 17288 | Lair:2   | Reached skill level 14 in Dodging
 17499 | Lair:1   | Offered knowledge of Starburst by Vehumet.
 17722 | Lair:1   | Reached skill level 15 in Dodging
 18349 | Lair:2   | Reached skill level 16 in Dodging
 18356 | Lair:2   | Reached skill level 1 in Armour
 18991 | Lair:3   | Reached XP level 14. HP: 120/120 MP: 23/23
 19100 | Lair:3   | Offered knowledge of Eringya's Noxious Bog by Vehumet.
 19397 | Lair:3   | Found a runed translucent gate.
 19399 | Lair:3   | Found a runed translucent gate.
 19399 | Lair:3   | Found a runed translucent gate.
 19402 | Lair:3   | Noticed Caeppaus's ghost (journeyman GrFi)
 19427 | Lair:3   | Found a staircase to the Snake Pit.
 19567 | Lair:3   | Learned a level 6 spell: Eringya's Noxious Bog
 20002 | Lair:3   | Killed Caeppaus's ghost
 20003 | Lair:3   | Reached skill level 5 in Armour
 20171 | Lair:4   | Found a staircase to the Shoals.
 21343 | Lair:4   | Found a hide-covered altar of Uskayaw.
 21831 | Lair:5   | Offered knowledge of Ozocubu's Refrigeration by Vehumet.
 22022 | Lair:5   | Learned a level 7 spell: Ozocubu's Refrigeration
 22205 | Lair:5   | Reached XP level 15. HP: 126/126 MP: 20/24
 23912 | Orc:1    | Entered Level 1 of the Orcish Mines
 24282 | Orc:1    | Noticed Urug
 24303 | Orc:1    | Killed Urug
 24381 | Orc:1    | Found Iniqiz's Antique Armour Shoppe.
 24504 | Orc:2    | Entered Level 2 of the Orcish Mines
 24504 | Orc:2    | Noticed an orc warlord
 24567 | Orc:1    | Killed an orc warlord
 24568 | Orc:1    | Reached skill level 10 in Armour
 24637 | Orc:1    | Reached skill level 1 in Transmutations
 24812 | Orc:2    | Paralysed by an orc sorcerer for 4 turns
 24891 | Orc:2    | Found a staircase to the Elven Halls.
 24893 | Orc:2    | Noticed Josephine
 24976 | Orc:1    | Killed Josephine
 25443 | Orc:2    | Reached skill level 5 in Transmutations
 25698 | Orc:2    | Reached ****** piety under Vehumet
 25720 | Orc:2    | Found Lyzi's Armour Shop.
 25720 | Orc:2    | Found Ojoas's Distillery.
 25722 | Orc:2    | Found Teolydo's Armour Shoppe.
 25724 | Orc:2    | Found Husiamyom's Distillery.
 26109 | Orc:1    | Offered knowledge of Freezing Cloud by Vehumet.
 26425 | D:13     | Found a gate to the Vaults.
 26503 | D:13     | Found a runed translucent gate.
 26503 | D:13     | Found a runed translucent gate.
 26505 | D:13     | Found a runed translucent gate.
 27909 | D:14     | Reached skill level 10 in Transmutations
 28138 | D:14     | Reached skill level 1 in Poison Magic
 28339 | D:14     | Reached skill level 5 in Poison Magic
 28500 | D:14     | Reached XP level 16. HP: 133/133 MP: 22/25
 28740 | D:15     | Entered Level 15 of the Dungeon
 28740 | D:15     | Noticed Azrael
 28778 | D:15     | Killed Azrael
 29005 | D:15     | Noticed Rupert
 29178 | D:15     | Found a blossoming altar of Fedhas.
 29179 | D:15     | Noticed Agnes
 29205 | D:14     | Killed Agnes
 29561 | D:15     | Offered knowledge of Orb of Destruction by Vehumet.
 29699 | D:15     | Found a staircase to the Depths.
 29805 | D:15     | Killed Rupert
 29979 | D:15     | Noticed Jorgrun
 30003 | D:15     | Killed Jorgrun
 30004 | D:15     | Reached skill level 10 in Poison Magic
 30498 | Snake:1  | Entered Level 1 of the Snake Pit
 31223 | Snake:1  | Found Domurazosm's Jewellery Shoppe.
 31227 | Snake:1  | Found Kirecesi's Book Boutique.
 31228 | Snake:1  | Found Caunir's Jewellery Shoppe.
 31652 | Snake:1  | Found a snail-covered altar of Cheibriados.
 32467 | Snake:2  | Identified the +5 scale mail of Byerog {rElec}
 32670 | Snake:2  | Found Ziwipt's Distillery.
 32676 | Snake:2  | Bought a potion of curing for 30 gold pieces
 32676 | Snake:2  | Bought 2 potions of heal wounds for 100 gold pieces
 32810 | Snake:2  | Reached XP level 17. HP: 139/139 MP: 26/26
 32962 | Snake:2  | Offered knowledge of Ignition by Vehumet.
 33053 | Snake:2  | Reached skill level 15 in Ice Magic
 33056 | Snake:2  | HP: 5/139 [something (11)]
 33057 | Snake:2  | HP: 2/139 [poisoned by a naga ritualist (toxic radiance)]
 34007 | Snake:2  | Identified the +0 scale mail of Narcissism {rF+}
 34379 | Snake:3  | Found a flickering gateway to a bazaar.
 34400 | Bazaar   | Entered a bazaar
 34489 | Bazaar   | Found Qamecwax's Armour Emporium.
 34489 | Bazaar   | Found Ragaevul's Antique Armour Emporium.
 34529 | Bazaar   | Found Ysoshig's Book Shoppe.
 34529 | Bazaar   | Found Emigie's Armour Shoppe.
 34573 | Bazaar   | Bought a pair of glowing gloves for 142 gold pieces
 34595 | Bazaar   | Bought a +2 pair of gloves of strength for 150 gold pieces
 34951 | Snake:3  | Reached skill level 10 in Spellcasting
 34999 | Snake:3  | Killed from afar by a shock serpent

Illustrated notes

Levels and vault maps discovered:
D:1:      dpeg_arrival_simpleton_b, layout_basic, basic_ecumenical_altar,
          bh_walls_and_bars
D:2:      layout_basic, uniq_jessica
D:3:      layout_rooms, nicolae_overflow_hidden_temple, uniq_terence,
          uniq_crazy_yiuf_cottage, uniq_sigmund, uniq_natasha, uniq_robin
D:4:      layout_basic, nicolae_gozag_seed_capital, temple_doors_e
D:5:      layout_rooms, mainiacjoe_overflow_catwalk, uniq_prince_ribbit1
D:6:      layout_loops_ring, old_standard_altar, cheibrodos_sewer_entry_sluice,
          serial_shops, nicolae_lakefront_shop, kennysheep_mini_moat,
          nicolae_lakefront_shop
D:7:      layout_basic, serial_curves, eino_curves_02, eino_curves_01,
          enter_bailey_2, supply_closet_lemuel
D:8:      layout_basic, nicolae_elyvilon_temple_path, uniq_maurice, uniq_erica
D:9:      nicolae_cairo_tiling_large, layout_long_grid, lair_entry_dummy,
          minmay_misc_feat_doors, uniq_erolcha
D:10:     layout_loops_ring, eino_house_with_fridge, uniq_amaemon
D:11:     nzn_winding_woodlands_stair_trap
          [nzn_winding_woodlands_5x15_sidewinder,
          nzn_winding_woodlands_5x15_jagged, nzn_winding_woodlands_5x15_zeroes,
          nzn_winding_woodlands_15x15_killbox,
          nzn_winding_woodlands_5x15_parted, nzn_winding_woodlands_5x15_pool,
          nzn_winding_woodlands_5x15_cabin], layout_loops_ring, serial_undead,
          serial_undead_f, serial_undead_d, serial_undead_c, serial_undead_a,
          uniq_lodul
D:12:     layout_layer_cave, kennysheep_generic_room_15
D:13:     layout_long_grid, skrybe_vaults_entry_preservation,
          ploomutoo_gammafunk_ghost_potion_laboratory
D:14:     minmay_bubble_buster, layout_basic, infiniplex_staircase_door_maze
D:15:     grunt_enter_depths_snipers, layout_cave_pools, fedhas_altar_1,
          nrook_loot_triangle, uniq_azrael, uniq_jorgrun, uniq_agnes,
          uniq_rupert
Temple:   regret_index_temple_waves
Lair:1:   layout_cave_pods, serial_bayou_lake_a
Lair:2:   layout_roguey [special_room_bee], grunt_megastairs_2
Lair:3:   layout_gridlike, minmay_snake_entry_guardpost_small,
          ebering_ghost_rock_garden, wad_woods_road_05
Lair:4:   beast_lair_carwin_large_3, layout_hall_layers,
          elwin_shoals_entry_rooms, basic_altar, lemuel_fruit_tree,
          serial_bayou_shore_b
Lair:5:   layout_hall_layers, special_room [special_room_mythical_zoo],
          grunt_megastairs_5
Snake:1:  layout_cave_shapes, basic_altar, serial_bayou_shore_b,
          minmay_shop_grove
Snake:2:  layout_misc_corridors, serial_shops,
          nicolae_shop_temple_entry_statues_fountains,
          nicolae_snake_herptile_family_reunion
Snake:3:  layout_onion_interference, serial_shops, bzr_entry_customers,
          nicolae_elevator_lobby_plus
Orc:1:    layout_diamond_mine, serial_shops, shop, uniq_urug
Orc:2:    st_orc_rangers, layout_caves, basic_altar, nicolae_orc_rockfall,
          uniq_josephine

Skill      XL: |  1  2  3  4  5  6  7  8  9 10 11 12 13 14 15 16 17 |
---------------+----------------------------------------------------+-----
Spellcasting   | 3 4 5 6 10 | 10.0
Stealth        | 3 5 8 |  8.0
Ice Magic      | 6 9 10 14 15 | 15.0
Dodging        | 4 6 8 10 16 | 16.0
Fighting       | 6 10 14 | 14.0
Shields        | 10 | 10.5
Armour         | 2 9 10 | 10.0
Transmutations | 10 | 10.0
Poison Magic   | 6 10 | 10.0

Action                   |  1- 3 |  4- 6 |  7- 9 | 10-12 | 13-15 | 16-18 || total
-------------------------+-------+-------+-------+-------+-------+-------++-------
Melee: Short sword       |    31 |       |       |       |       |       ||    31
       Rapier            |    14 |    49 |       |       |       |       ||    63
       Punch             |     1 |       |     1 |       |       |       ||     2
       Mace              |       |     6 |   124 |   199 |   909 |   359 ||  1597
       Falchion          |       |       |    54 |   132 |   234 |    31 ||   451
       Tailslap          |       |       |     4 |       |    17 |     2 ||    23
Throw: Dart              |     5 |    31 |    81 |    24 |    50 |     8 ||   199
       Boomerang         |       |       |     5 |       |       |       ||     5
       Javelin           |       |       |       |     8 |       |       ||     8
 Cast: Freeze            |    16 |    17 |    67 |    83 |    32 |     3 ||   218
       Frozen Ramparts   |       |     7 |    16 |    38 |   127 |    85 ||   273
       Ozocubu's Armour  |       |     6 |    18 |    26 |    90 |    39 ||   179
       Eringya's Noxious |       |       |       |       |       |    40 ||    40
       Ozocubu's Refrige |       |       |       |       |       |    25 ||    25
Evoke: Wand              |       |       |       |    10 |     5 |     1 ||    16
  Use: Scroll            |     1 |     2 |    12 |     8 |     6 |     2 ||    31
       Potion            |       |       |     1 |     2 |     3 |     9 ||    15
 Stab: Sleeping          |     5 |       |     6 |     6 |     8 |       ||    25
Armor: Robe              |     4 |    17 |     2 |       |       |       ||    23
       Ring mail         |     5 |       |       |       |       |       ||     5
       Troll leather arm |       |       |    76 |    26 |       |       ||   102
       Steam dragon scal |       |       |       |   146 |    14 |       ||   160
       Acid dragon scale |       |       |       |       |   463 |   234 ||   697
Dodge: Dodged            |    25 |    48 |   166 |   269 |  1049 |   402 ||  1959
Block: Kite shield       |       |       |       |   336 |  1117 |   489 ||  1942
       Reflection        |       |       |       |       |       |    52 ||    52

Table legend: (Time is in decaauts)
 A = Elapsed time spent in this place.
 B = Non-inter-level travel time spent in this place.
 C = Inter-level travel time spent in this place.
 D = Time resting spent in this place.
 E = Time spent auto-exploring this place.
 F = Levels seen in this place.
 G = Mean time per level.
                   A        B        C        D        E       F      G
               +--------+--------+--------+--------+--------+-----+--------+
         Total |  35897 |  33466 |   2431 |   7566 |   3042 |  29 | 1237.8 |
       Dungeon |  21142 |  19290 |   1852 |   4156 |   1476 |  15 | 1409.5 |
        Temple |    119 |     97 |     22 |      0 |     80 |   1 |  119.0 |
          Lair |   6515 |   6077 |    438 |    819 |   1101 |   5 | 1303.0 |
     Snake Pit |   4259 |   4209 |     50 |   1715 |    189 |   3 | 1419.7 |
  Orcish Mines |   2449 |   2380 |     69 |    526 |    195 |   2 | 1224.5 |
        Bazaar |    218 |    218 |      0 |     73 |      0 |   1 |  218.0 |
         Sewer |    467 |    467 |      0 |     89 |      0 |   1 |  467.0 |
        Bailey |    727 |    727 |      0 |    188 |      0 |   1 |  727.0 |
               +--------+--------+--------+--------+--------+-----+--------+

Top non-repeatable levels by time:
    D:11: 2362 daAuts
 Snake:2: 2353 daAuts
    D:10: 1724 daAuts
  Lair:1: 1595 daAuts
     D:7: 1544 daAuts
  Lair:3: 1542 daAuts
     D:3: 1460 daAuts
  Lair:4: 1410 daAuts
    D:13: 1404 daAuts
 Snake:1: 1373 daAuts
    D:12: 1372 daAuts
     D:5: 1320 daAuts
     D:9: 1316 daAuts
   Orc:2: 1316 daAuts
     D:8: 1312 daAuts
